 Dungeon Crawl Stone Soup version 0.24-a0-520-g8fd06ad0bc (webtiles) character file.

Game seed: 714590760288015973

8 Iscandelvey the Vexing (level 2, 19/21 HPs)
             Began as a Demonspawn Arcane Marksman on July 25, 2019.
             Quit the game on level 1 of the Dungeon.
             The game lasted 00:00:10 (138 turns).

Iscandelvey the Vexing (Demonspawn Arcane Marksman)  Turns: 138, Time: 00:00:11

Health: 19/21      AC:  2    Str: 10    XL:     2   Next: 0%
Magic:  3/3        EV: 12    Int: 14    God:
Gold:   0          SH:  0    Dex: 13    Spells: 2/3 levels left

rFire    . . .     SeeInvis .   a - +0 hunting sling
rCold    . . .     Gourm    .   (no shield)
rNeg     . . .     Faith    .   e - +0 robe
rPois    .         Spirit   .   (no helmet)
rElec    .         Reflect  .   (no cloak)
rCorr    .         Harm     .   (no gloves)
MR       .....                  (no boots)
Stlth    ++........             (no amulet)
HPRegen  0.07/turn              (no ring)
MPRegen  0.08/turn              (no ring)

@: no status effects
A: nightstalker 1
a: no special abilities


You were on level 1 of the Dungeon.
You were not hungry.

You visited 1 branch of the dungeon, and saw 1 of its levels.

Inventory:

Hand Weapons
 a - a +0 hunting sling (weapon)
Missiles
 b - 21 stones
 d - 12 sling bullets (quivered)
Armour
 e - a +0 robe (worn)
Scrolls
 h - a scroll of remove curse {unknown}
Potions
 c - 2 potions of curing {unknown}
 g - a potion of magic {unknown}
Comestibles
 f - a ration


   Skills:
 + Level 1.3 Fighting
 + Level 2.1 Slings
 + Level 1.7 Dodging
 + Level 1.0 Spellcasting
 + Level 3.1 Hexes


You had 2 spell levels left.
You knew the following spells:

 Your Spells              Type           Power        Failure   Level  Hunger
a - Corona                Hex            #......      8%          1    ##.....

Your spell library contained the following spells:

 Spells                   Type           Power        Failure   Level  Hunger
 Slow                     Hex            #.......     11%         2    ###....
 Inner Flame              Hex/Fire       #.......     38%         3    ####...
 Portal Projectile        Hex/Tloc       #.....       38%         3    ####...
 Cause Fear               Hex            #.........   58%         4    #####..
 Leda's Liquefaction      Hex/Erth       #.........   80%         4    #####..


Dungeon Overview and Level Annotations

Branches:
Dungeon (1/15)

Altars:


Innate Abilities, Weirdness & Mutations

You are slightly more attuned to the shadows.


Message History

d - 13 sling bullets (gained 1)
You see here a frilled lizard corpse.
d - 14 sling bullets (gained 1)
A rat comes into view.
A rat is nearby!
Firing (i - inventory. (/) - cycle)
d - 14 sling bullets (quivered)
Press: ? - help, Shift-Dir - straight line, f - rat
Aim: a rat You shoot a sling bullet.
The sling bullet hits the rat but does no damage.
A rat is nearby!
Firing (i - inventory. (/) - cycle)
d - 13 sling bullets (quivered)
Press: ? - help, Shift-Dir - straight line, f/p - rat
Aim: a rat You shoot a sling bullet.
The sling bullet hits the rat.
You kill the rat!
You have reached level 2!
Your demonic ancestry asserts itself...
You slip into the darkness of the dungeon.
Are you sure you want to abandon this character and quit the game? (Confirm with "yes".)

##### #....#... ##...##
#....... ###.....#
....... # ........# .....
.. ###.....# #.((###.#
##...## #.......# #.....#
#.(.>.(.# #.....# #.@.# #
##....# #...# ## ##..##
#..†# .## #.†# #...######
..###..########...)....##
...##..##...............#
....#....................
......###.....†.........#
......# #######†.......##


There were no monsters in sight!

Vanquished Creatures
  2 leopard geckos (D:1)
  A hobgoblin (D:1)
  2 frilled lizards (D:1)
  2 rats (D:1)
7 creatures vanquished.

Notes
Turn   | Place    | Note
-------+----------+-------------------------------------------
     0 | D:1      | Iscandelvey the Demonspawn Arcane Marksman began the quest
                  | for the Orb.
     0 | D:1      | Reached XP level 1. HP: 15/15 MP: 2/2
   137 | D:1      | Gained mutation: You are slightly more attuned to the
                  | shadows. [demonic ancestry]
   137 | D:1      | Reached XP level 2. HP: 19/21 MP: 3/3
   138 | D:1      | Quit the game

Levels and vault maps discovered:
D:1:      enne_arrival_octagon_isle, layout_loops_cross

Skill      XL: |  1 |
---------------+----+-----
Slings         | 2 |  2.1
Fighting       | |  1.3
Dodging        | |  1.7
Spellcasting   | |  1.0
Hexes          | |  3.1

Action                   || total
-------------------------++-------
 Fire: Hunting sling     ||    26
Armor: Robe              ||     2
Dodge: Dodged            ||     2

Table legend:
 A = Non-vault XP
 B = Vault XP
 C = Vault XP percentage of total XP
 D = Non-vault monster count
 E = Vault monster count
 F = Vault count percentage of total count
                 A         B        C        D         E       F
            +---------+---------+-------+---------+---------+-------
      Total |      12 |       0 |   0.0 |       7 |       0 |   0.0
            +---------+---------+-------+---------+---------+-------
        D:1 |      12 |       0 |   0.0 |       7 |       0 |   0.0
            +---------+---------+-------+---------+---------+-------
